 Dungeon Crawl Stone Soup version 0.26-a0-20-g5f92b90 (webtiles) character file.

Game seed: 11625505596363579648, levelgen mode: deterministic

285 MrTaco21 the Cudgeler (level 6, -2/37 HPs)
             Began as a Gargoyle Fighter on May 25, 2020.
             Slain by Grinder (4 damage)
             ... on level 3 of the Dungeon.
             The game lasted 00:02:51 (2438 turns).

MrTaco21 the Cudgeler (Gargoyle Fighter)            Turns: 2438, Time: 00:02:51

Health: -2/37      AC: 12    Str: 21    XL:     6   Next: 29%
Magic:  6/6        EV:  7    Int:  9    God:
Gold:   121        SH:  9    Dex:  9    Spells: 5/5 levels left

rFire    x . .     SeeInvis .   a - +0 flail
rCold    + . .     Gourm    .   c - +0 kite shield
rNeg     + . .     Faith    .   b - +0 scale mail
rPois    ∞         Spirit   .   (no helmet)
rElec    +         Reflect  .   q - +0 cloak
rCorr    .         Harm     .   (no gloves)
MR       .....                  (no boots)
Stlth    ..........             j - amulet of the acrobat
HPRegen  0.12/turn              s - ring of ice
MPRegen  0.10/turn              (no ring)

@: no status effects
A: negative energy resistance 1, electricity resistance, unbreathing,
petrification resistance, rot immunity, AC +4
a: no special abilities


You were on level 3 of the Dungeon.
You were not hungry.

You visited 1 branch of the dungeon, and saw 3 of its levels.

You collected 121 gold pieces.

Inventory:

Hand Weapons
 a - a +0 flail (weapon)
Missiles
 r - 2 throwing nets {!f}
 t - 21 poisoned darts (quivered)
Armour
 b - a +0 scale mail (worn)
 c - a +0 kite shield (worn)
 q - a +0 cloak (worn)
   (You found it on level 2 of the Dungeon)
Jewellery
 j - an amulet of the acrobat (around neck)
   (You found it on level 1 of the Dungeon)
 s - a ring of ice (left hand)
   (You found it on level 3 of the Dungeon)
Scrolls
 g - a scroll of magic mapping {unknown}
 h - 2 scrolls of enchant weapon {unknown}
 i - 4 scrolls of identify {unknown}
 k - 2 scrolls of remove curse {unknown}
 l - a scroll of teleportation {unknown}
 n - a scroll of enchant armour {unknown}
 u - a scroll of random uselessness {unknown}
Potions
 d - 3 potions of might
 f - a potion of heal wounds {unknown}
 m - a potion of magic {unknown}
 o - 2 potions of curing {unknown}
Comestibles
 e - 5 rations {!d}
 p - 9 chunks of flesh


   Skills:
 - Level 3.2 Fighting
 + Level 6.4 Maces & Flails
 - Level 3.2 Armour
 - Level 3.2 Shields


You had 5 spell levels left.
You didn't know any spells.
Your spell library was empty.

Dungeon Overview and Level Annotations

Branches:
Dungeon (3/15)

Altars:
Ru

Annotations:
D:3 Grinder


Innate Abilities, Weirdness & Mutations

You are resistant to torment.
Your stone body is resilient. (AC +4)
You are immune to poison.
You resist negative energy. (rN+)
You are resistant to electric shocks. (rElec)
You can survive without breathing.
You are immune to petrification.
You are immune to rotting.


Message History

Grinder gestures at you.
You suddenly lose the ability to move!
You can move again.
Grinder barely misses you.
You hit Grinder. Grinder gestures at you. Pain shoots through your body!
You hit Grinder but do no damage. You block Grinder's attack.
Grinder closely misses you.
You hit Grinder. Grinder hits you.
You writhe in agony.
You closely miss Grinder. Grinder hits you.
You writhe in agony.
You closely miss Grinder. Grinder gestures at you.
Pain shoots through your body!
You sock Grinder! Grinder hits you but does no damage.
You thump Grinder!
Grinder blinks!
Grinder gestures at you.
You barely resist. Grinder gestures at you. Pain shoots through your body!
* * * LOW HITPOINT WARNING * * *
You are too injured to fight recklessly!
You are too injured to fight recklessly!
You are too injured to fight recklessly!
You closely miss Grinder.
Grinder blinks!
Grinder gestures at you. Pain shoots through your body!
* * * LOW HITPOINT WARNING * * *
You block Grinder's attack.
Unknown command.
Your scale mail prevents you from hitting Grinder.
Grinder hits you!
* * * LOW HITPOINT WARNING * * *
You barely miss Grinder. You block Grinder's attack.
Unknown command.
You hit Grinder. Grinder hits you.
* * * LOW HITPOINT WARNING * * *
You writhe in agony.
* * * LOW HITPOINT WARNING * * *
Grinder hits you but does no damage.
You hit Grinder. Grinder hits you.
* * * LOW HITPOINT WARNING * * *
You writhe in agony.
* * * LOW HITPOINT WARNING * * *
Your shield prevents you from hitting Grinder.
Grinder gestures at you. You resist with significant effort.
Unknown command.
You closely miss Grinder. Grinder hits you.
You die...

#.#.#.#.#..#.# #.#.#
#.##.#.########### #.#.#
#.................
#.#.#.###########.......
.......)...............
.###.#####.)...........
#.#####.......
###########.# #.......
......5@....# ########
.############ #### #...
#...


You could see Grinder.

Vanquished Creatures
  Sigmund (D:2)
  An orc wizard (D:3)
  3 gnolls (D:2)
  3 adders
  An ooze (D:2)
  A dart slug (D:1)
  A leopard gecko (D:2)
  4 orcs
  6 giant cockroaches
  4 goblins
  4 hobgoblins
  A quokka (D:2)
  4 bats
  2 frilled lizards
  6 kobolds
  5 rats (D:1)
47 creatures vanquished.

Notes
Turn   | Place    | Note
-------+----------+-------------------------------------------
     0 | D:1      | MrTaco21 the Gargoyle Fighter began the quest for the Orb.
     0 | D:1      | Reached XP level 1. HP: 14/14 MP: 1/1
   222 | D:1      | Reached XP level 2. HP: 19/19 MP: 2/2
   517 | D:1      | Reached skill level 3 in Maces & Flails
   923 | D:2      | Noticed Sigmund
  1058 | D:2      | Found a sacrificial altar of Ru.
  1169 | D:2      | Reached XP level 3. HP: 12/23 MP: 3/3
  1437 | D:2      | Reached skill level 4 in Maces & Flails
  1702 | D:2      | Reached XP level 4. HP: 28/28 MP: 4/4
  1860 | D:2      | Killed Sigmund
  1860 | D:2      | Reached skill level 6 in Maces & Flails
  1860 | D:2      | Reached XP level 5. HP: 30/32 MP: 5/5
  1860 | D:2      | Reached XP level 6. HP: 34/37 MP: 6/6
  2415 | D:3      | Noticed Grinder
  2415 | D:3      | Paralysed by Grinder for 2 turns
  2438 | D:3      | Slain by Grinder

Illustrated notes

Levels and vault maps discovered:
D:1:      minmay_arrival_three_doors, layout_loops_corners
D:2:      layout_basic, grunt_ministairs_8, nicolae_ru_awakened_eye,
          uniq_sigmund
D:3:      layout_basic, uniq_grinder

Skill      XL: |  1  2  3  4 |
---------------+-------------+-----
Maces & Flails | 3 4 6 |  6.4
Fighting       | |  3.2
Armour         | |  3.2
Shields        | |  3.2

Action                   |  1- 3 |  4- 6 || total
-------------------------+-------+-------++-------
Melee: Flail             |   119 |    81 ||   200
  Eat: Chunk             |     2 |     3 ||     5
Armor: Scale mail        |    52 |    31 ||    83
Dodge: Dodged            |    46 |    29 ||    75
Block: Kite shield       |    75 |    41 ||   116

Table legend:
 A = Non-vault XP
 B = Vault XP
 C = Vault XP percentage of total XP
 D = Non-vault monster count
 E = Vault monster count
 F = Vault count percentage of total count
                 A         B        C        D         E       F
            +---------+---------+-------+---------+---------+-------
      Total |     195 |     213 |  52.2 |      44 |       3 |   6.4
            +---------+---------+-------+---------+---------+-------
        D:1 |      22 |       0 |   0.0 |      14 |       0 |   0.0
        D:2 |     101 |     213 |  67.8 |      19 |       3 |  13.6
        D:3 |      72 |       0 |   0.0 |      11 |       0 |   0.0
            +---------+---------+-------+---------+---------+-------
